 Dungeon Crawl Stone Soup version 0.29-a0-598-gd8304a5bf4 (webtiles) character file.

Game seed: 15109541844888396860

194840 croobank the Unseen (level 18, 0/130 HPs)
             Began as a Gnoll Delver on June 16, 2022.
             Was an Initiate of Gozag.
             Slain by a swamp dragon (18 damage)
             ... called by a spriggan druid
             ... on level 3 of the Swamp.
             The game lasted 04:27:02 (45130 turns).

croobank the Unseen (Gnoll Delver)                 Turns: 45130, Time: 04:27:03

Health: 0/130      AC: 13    Str: 20    XL:     18   Next: 32%
Magic:  5/34       EV: 18    Int: 22    God:    Gozag
Gold:   10025      SH: 12    Dex: 17    Spells: 2/41 levels left

rFire   + + .      SeeInvis +   o - +0 broad axe (flame)
rCold   + + .      Faith    .   E - +0 buckler of the Slug {rCorr}
rNeg    + + .      Spirit   .   I - +0 swamp dragon scales
rPois   +          Reflect  +   (helmet restricted)
rElec   +          Harm     .   P - scarf {rC+ rF+}
rCorr   +          Rampage  .   U - +1 pair of gloves of Tartarus {Contam Regen+ Str+9 Int-3}
Will    +....                   G - -2 pair of boots "Paucetucu" {rElec rC+ Dex+2}
Stlth   +.........              V - amulet of Contentment {Reflect rF+ Slay+2 SH+5}
HPRegen 1.11/turn               A - ring of see invisible
MPRegen 0.24/turn               g - ring of the Leaf {rN++ Int+6 Dex+2}

@: brilliant, gold aura, contaminated, hasted, glowing, unable to read, slow
A: fangs 1, strong nose, distributed training, horns 2, frail 1, wild magic 1,
inability to read while threatened
}: 1/15 runes: gossamer
a: Renounce Religion, Potion Petition, Call Merchant, Bribe Branch


You were on level 3 of the Swamp.
You worshipped Gozag.
Gozag was extremely pleased with you.
You visited 6 branches of the dungeon, and saw 31 of its levels.
You also visited: Ossuary.

You collected 11970 gold pieces.
You spent 416 gold pieces at shops.
You paid 1529 gold pieces to Gozag.

Inventory:

Hand Weapons
 b - a +2 hand crossbow of freezing
 o - a +0 broad axe of flaming (weapon)
 y - a +2 dagger of speed
 B - a +4 battleaxe
 D - a +3 antimagic demon trident
 X - a +3 demon whip of venom
Missiles
 r - 21 boomerangs (quivered)
 M - 2 throwing nets
 T - 2 curare-tipped darts
Armour
 a - a +0 leather armour
 v - the +0 plate armour of the Great Game {Rampage rElec rC+++}
   (You found it on level 1 of the Lair of Beasts)

   rC:        It renders you almost immune to cold.
   rElec:     It insulates you from electricity.
   Rampage:   It bestows one free step when moving towards enemies.
 E - the +0 buckler of the Slug (worn) {rCorr}
   (You found it on level 2 of the Dungeon)

   rCorr:     It protects you from acid and corrosion.
 G - the -2 pair of boots "Paucetucu" (worn) {rElec rC+ Dex+2}
   (You acquired it on level 3 of the Lair of Beasts)

   Dex:       It affects your dexterity (+2).
   rC:        It protects you from cold.
   rElec:     It insulates you from electricity.
 I - +0 swamp dragon scales (worn)
 J - a scarf of repulsion
 P - a scarf of resistance (worn)
 U - the +1 pair of gloves of Tartarus (worn) {Contam Regen+ Str+9 Int-3}
   (You found it on level 7 of the Dungeon)

   Str:       It affects your strength (+9).
   Int:       It affects your intelligence (-3).
   Contam:    It causes magical contamination when unequipped.
   Regen:     It increases your rate of health regeneration.
Jewellery
 e - a ring of poison resistance
 g - the ring of the Leaf (right hand) {rN++ Int+6 Dex+2}
   (You acquired it on level 4 of the Spider Nest)

   [ring of intelligence]

   Int:       It affects your intelligence (+6).
   Dex:       It affects your dexterity (+2).
   rN:        It greatly protects you from negative energy.
 w - a +4 ring of evasion
 A - a ring of see invisible (left hand)
 N - a ring of wizardry
 S - a ring of resist corrosion
 V - the amulet of Contentment (around neck) {Reflect rF+ Slay+2 SH+5}
   (You found it on level 7 of the Dungeon)

   [amulet of reflection]

   It reflects blocked missile attacks.
   Slay:      It affects your accuracy & damage with ranged weapons and melee
   (+2).
   rF:        It protects you from fire.
   SH:        It affects your SH (+5).
 Y - a ring of willpower
Wands
 d - a wand of flame (80)
 h - a wand of paralysis (11)
 K - a wand of mindburst (7)
 L - a wand of light (4)
 Z - a wand of iceblast (9)
Scrolls
 c - 4 scrolls of fog
 i - 2 scrolls of blinking
 m - 4 scrolls of fear
 n - 4 scrolls of immolation
 p - a scroll of magic mapping
 H - 13 scrolls of teleportation
 Q - 4 scrolls of poison
Potions
 f - 4 potions of haste
 j - 7 potions of brilliance
 k - 2 potions of mutation
 l - 3 potions of attraction
 q - 2 potions of might
 s - 5 potions of cancellation
 t - 4 potions of lignification
 u - 2 potions of magic
 x - 15 potions of curing
 z - 2 potions of invisibility
 C - 2 potions of resistance
 F - 4 potions of flight
 O - 13 potions of ambrosia
 R - a potion of heal wounds
Miscellaneous
 W - a phantom mirror


   Skills:
 + Level 13.8 Fighting
 + Level 12.3 Short Blades
 + Level 12.3 Long Blades
 + Level 13.1 Axes
 + Level 12.3 Maces & Flails
 + Level 12.3 Polearms
 + Level 12.3 Staves
 + Level 12.3 Slings
 + Level 12.3 Bows
 + Level 12.3 Crossbows
 + Level 12.3 Throwing
 + Level 12.3 Armour
 + Level 13.1 Dodging
 + Level 15.3 Stealth
 + Level 12.3 Shields
 + Level 12.3 Unarmed Combat
 + Level 12.3 Spellcasting
 + Level 10.4 Conjurations
 + Level 10.4 Hexes
 + Level 10.4 Summonings
 + Level 10.4 Necromancy
 + Level 10.4 Translocations
 + Level 10.4 Transmutations
 + Level 10.4 Fire Magic
 + Level 10.4 Ice Magic
 + Level 10.4 Air Magic
 + Level 10.4 Earth Magic
 + Level 10.4 Poison Magic
 + Level 13.3 Invocations
 + Level 12.3 Evocations


You had 2 spell levels left.
You knew the following spells:

 Your Spells              Type           Power      Damage    Failure   Level
a - Ozocubu's Armour      Ice            86%        N/A       1%          3
b - Necrotize             Necr           100%       1d9       1%          1
c - Frozen Ramparts       Ice            100%       1d12      1%          3
d - Fireball              Conj/Fire      43%        3d17      5%          5
e - Agony                 Necr           86%        N/A       5%          5
f - Irradiate             Conj/Tmut      43%        3d27      5%          5
g - Mephitic Cloud        Conj/Pois/Air  86%        N/A       1%          3
h - Hailstorm             Conj/Ice       86%        3d17      2%          4
i - Apportation           Tloc           100%       N/A       1%          1
j - Dispel Undead         Necr           86%        3d28      2%          4
k - Summon Mana Viper     Hex/Summ       86%        N/A       5%          5

Your spell library contained the following spells:

 Spells                   Type           Power      Damage    Failure   Level
 Freeze                   Ice            100%       1d11      1%          1
 Static Discharge         Conj/Air       86%        N/A       1%          2
 Call Canine Familiar     Summ           86%        N/A       1%          3
 Dazzling Flash           Conj/Hex       100%       N/A       1%          3
 Portal Projectile        Hex/Tloc       100%       N/A       1%          3
 Vampiric Draining        Necr           86%        2d12      1%          3
 Ice Form                 Ice/Tmut       86%        N/A       2%          4
 Leda's Liquefaction      Hex/Erth       43%        N/A       2%          4
 Petrify                  Tmut/Erth      86%        N/A       2%          4
 Sticky Flame             Conj/Fire      86%        2d10      2%          4
 Summon Ice Beast         Ice/Summ       86%        N/A       2%          4
 Summon Lightning Spire   Summ/Air       86%        N/A       2%          4
 Alistair's Intoxication  Tmut/Pois      57%        N/A       5%          5
 Iskenderun's Battlesphe  Conj           86%        2d13      5%          5
 Lee's Rapid Deconstruct  Erth           43%        3d22*     5%          5
 Metabolic Englaciation   Hex/Ice        43%        N/A       5%          5
 Summon Forest            Summ/Tloc      43%        N/A       5%          5
 Starburst                Conj/Fire      43%        6d12      24%         6
 Statue Form              Tmut/Erth      57%        N/A       24%         6
 Summon Cactus Giant      Summ           43%        N/A       24%         6
 Ozocubu's Refrigeration  Ice            43%        4d13      75%         7
 Spellforged Servitor     Conj/Summ      43%        N/A       75%         7
 Storm Form               Tmut/Air       43%        N/A       75%         7
 Ignition                 Fire           43%        3d12      100%        8
 Maxwell's Capacitive Co  Air            43%        ∞         100%        8


Dungeon Overview and Level Annotations

Branches:
Dungeon (15/15)            Temple (1/1) D:5            Lair (6/6) D:10
  Swamp (3/4) Lair:4       Spider (4/4) Lair:2        Slime (0/5) Lair:6
    Orc (2/2) D:12            Elf (0/3) Orc:2        Vaults (0/5) D:13
 Depths (0/4) D:15        Ossuary (visited)

Altars:
Ashenzari
Cheibriados
Dithmenos
Elyvilon
Fedhas
Gozag
Hepliaklqana
Kikubaaqudgha
Makhleb
Nemelex Xobeh
Okawaru
Qazlal
Ru
Sif Muna
Trog
Uskayaw
Vehumet
Wu Jian
Xom
Yredelemnul
Zin
The Shining One
Jiyva

Shops:
Orc:2 :[(:(

Annotations:
D:10 3 runed translucent doors, zishaf's ghost, novice DgWn
D:12 Jorgrun


Innate Abilities, Weirdness & Mutations

You have very sharp teeth.
Your uncanny sense of smell can sniff out nearby items.
Your experience applies equally to all skills.
You have a pair of horns on your head.
You are frail. (-10% HP)
Your spells are a little harder to cast, but a little more powerful.
You sometimes lose the ability to read scrolls when taking damage.


Message History

Casting: Irradiate (dangerous; 5% risk of failure)
Confirm with . or Enter, or press ? or * to list all spells.
You erupt in a fountain of uncontrolled magic!
The swamp worm is blasted with magical radiation!!!
The swamp worm is almost dead.
The swamp worm twists and deforms.
The swamp worm completely misses you. The swamp worm closely misses you.
Casting: Irradiate (dangerous; 5% risk of failure)
Confirm with . or Enter, or press ? or * to list all spells.
Okay, then. [a] - 351 gold - heal wounds, curing and berserk rage [b] - 418 gold - heal wounds, haste and brilliance [c] - 200 gold - haste Purchase which effect?
You feel much better.
You feel yourself speed up.
You feel clever all of a sudden.
You block the swamp dragon's attack. x2; The swamp dragon tramples you!
* * * LOW HITPOINT WARNING * * *
You stumble backwards!
Found 13 stones.
The swamp worm is engulfed in poison gas.
The swamp worm is poisoned.
The swamp worm fires a harpoon shot at you.
The harpoon shot misses you.
You slash the swamp dragon! You burn the swamp dragon.
You headbutt the swamp dragon! You bite the swamp dragon.
The swamp dragon is moderately wounded.
You hit the swamp worm. You burn the swamp worm.
You kill the swamp worm!
The swamp worm is engulfed in poison gas.
The swamp worm looks even sicker.
The swamp worm fires a harpoon shot at you.
The harpoon shot hits you!
* * * LOW HITPOINT WARNING * * *
You are yanked forward by the harpoon shot.
Splash!
You fall into the shallow water.
Moving in this stuff is going to be slow.
The swamp dragon bites you!!
You die...
Your body crumbles into a pile of gold.

♣..>..<♣♣
♣♣♣♣♣♣♣≈.)≈§≈♣
♣♣...♣♣♣♣.≈≈≈.♣ .
♣♣≈≈≈≈.≈♣♣≈○☼.☼♣
..♣.≈≈≈§..♣♣♣○:$☼♣
♣°≈≈≈§.)..≈♣.≈≈○♣
♣♣.§≈D.○..≈≈≈≈≈§≈♣
≈≈≈≈≈≈≈○$≈.≈§≈≈≈.♣
$
≈.≈≈≈≈≈@D$.≈≈§≈.♣♣
...≈≈≈○$w$≈♣♣..♣♣
..≈≈≈≈≈..≈♣♣♣♣♣
≈≈..≈....♣♣
≈.....≈≈≈.
≈.≈≈♣.≈§≈.♣
≈≈♣♣♣.≈≈≈.( .♣
♣≈..≈≈.♣


You could see 2 swamp dragons and a swamp worm (strong, very poisoned).

Vanquished Creatures
  A tentacled monstrosity (Swamp:2)
  Kirke (Lair:4)
  Roxanne (D:15)
  9 emperor scorpions
  An orc warlord (Orc:1)
  2 ghost moths
  Louise (Spider:1)
  2 broodmothers
  A juggernaut skeleton (D:15)
  Nessos (Orc:2)
  4 eleionomae
  A dire elephant (Lair:6)
  Snorg (Lair:3)
  3 entropy weavers
  3 spark wasps
  2 bunyips
  Josephine (D:14)
  An ice dragon (Lair:6)
  A vault guard (D:13)
  A spriggan zombie (D:15)
  Erolcha (D:9)
  2 catoblepae (Lair:6)
  3 jorogumos
  A ghost crab (Swamp:1)
  8 hydras
  8 centaur warriors
  A radroach (Spider:2)
  4 boulder beetles
  14 death yaks
  5 two-headed ogres
  4 alligators (Swamp:1)
  3 orc high priests (Orc:2)
  Amaemon (D:8)
  7 pharaoh ants
  2 skeletal warriors (D:15)
  2 sun moths
  2 goliath frogs
  2 spriggan druids
  13 steelbarb worms
  Lodul (D:13)
  3 swamp dragons
  4 orb spiders
  2 bog bodies
  4 orc knights (Orc:2)
  3 lindwurms (Lair:6)
  A phantasmal warrior (D:15)
  Pikel (D:5)
  2 deep elf pyromancers
  4 orc sorcerers (Orc:2)
  A necromancer (D:15)
  A will-o-the-wisp (Swamp:2)
  17 ugly things
  13 wolf spiders
  2 cyclopes
  2 manticores (Lair:6)
  A fire giant zombie (D:15)
  4 moths of wrath
  12 elephants
  Joseph (D:8)
  7 torpor snails
  A gargoyle (D:14)
  Maurice (D:9)
  6 black mambas
  3 unseen horrors (D:13)
  An orange demon (D:8)
  11 cane toads
  Maggie (D:8)
  6 rime drakes
  4 komodo dragons
  2 efreet
  11 demonic crawlers
  4 polar bears
  8 trolls
  6 meliai
  A tarantella (shapeshifter) (D:14)
  12 hornets
  A queen bee (Lair:3)
  15 tarantellas
  6 tyrant leeches
  Prince Ribbit (D:6)
  4 slime creatures
  4 dream sheep
  A dream sheep (shapeshifter) (D:14)
  40 blink frogs
  An ettin skeleton (D:15)
  19 jumping spiders
  Sigmund (D:6)
  A shadow (D:11)
  12 wraiths
  19 culicivoras
  3 spriggans
  5 wyverns
  4 humans (D:8)
  64 yaks
  A steam dragon (D:9)
  2 basilisks
  52 redbacks
  17 vampire mosquitoes
  4 hogs (Lair:4)
  Edmund (D:8)
  2 wargs
  10 swamp worms
  9 water moccasins
  2 acid dragons
  4 swamp drakes
  19 orc warriors
  2 ice beasts
  A black bear (D:6)
  3 wolves
  19 ogres
  4 boggarts (Lair:5)
  12 centaurs
  An elf zombie (Ossuary)
  7 kobold brigands
  20 bullfrogs
  4 scorpions
  A gnoll sergeant (D:4)
  7 wights
  36 killer bees
  2 howler monkeys (D:13)
  7 electric eels
  6 crimson imps (D:8)
  5 hounds
  A jelly (D:7)
  16 orc priests
  Crazy Yiuf (D:2)
  Jessica (D:2)
  A gnoll shaman (D:9)
  4 iguanas
  23 orc wizards
  11 hell rats
  3 mummies (Ossuary)
  2 adders (D:2)
  18 gnolls
  7 river rats
  A shadow imp (D:6)
  5 white imps
  2 ufetubi
  A worm (D:3)
  2 dart slugs (D:4)
  63 orcs
  4 ball pythons
  5 bats
  6 endoplasms
  3 giant cockroaches
  5 goblins
  8 hobgoblins
  5 jackals (D:8)
  6 quokkas
  A frilled lizard (D:1)
  2 goblin zombies (Ossuary)
  3 hobgoblin zombies (Ossuary)
  28 kobolds
  4 kobold zombies (Ossuary)
  7 rats
995 creatures vanquished.

Vanquished Creatures (collateral kills)
  A redback (Spider:2)
1 creature vanquished.

Vanquished Creatures (others)
  An orc wizard (D:4)
  2 bushes (Lair:6)
  35 fungi
  128 plants
  11 withered plants (D:15)
177 creatures vanquished.

Grand Total: 1173 creatures vanquished

Notes
Turn   | Place    | Note
-------+----------+-------------------------------------------
     0 | D:5      | Reached skill level 9 in Stealth
     0 | D:5      | croobank the Gnoll Delver began the quest for the Orb.
     0 | D:5      | Reached XP level 1. HP: 23/23 MP: 1/1
    62 | D:4      | Noticed an orc priest
    62 | D:4      | Noticed an orc wizard
    62 | D:4      | Noticed an iguana
   201 | D:3      | Reached XP level 2. HP: 29/29 MP: 2/2
   229 | D:3      | Noticed an ogre
   533 | D:2      | Noticed Jessica
   543 | D:2      | Killed Jessica
   544 | D:2      | Reached skill level 1 in Invocations
   544 | D:2      | Reached XP level 3. HP: 32/35 MP: 2/4
   571 | D:2      | Found a runed translucent door.
   572 | D:2      | Noticed Crazy Yiuf
   668 | D:2      | Learned a level 3 spell: Ozocubu's Armour
   720 | D:2      | Reached skill level 1 in Short Blades
   720 | D:2      | Reached skill level 1 in Long Blades
   720 | D:2      | Reached skill level 1 in Maces & Flails
   720 | D:2      | Reached skill level 1 in Polearms
   720 | D:2      | Reached skill level 1 in Staves
   720 | D:2      | Reached skill level 1 in Slings
   720 | D:2      | Reached skill level 1 in Bows
   720 | D:2      | Reached skill level 1 in Crossbows
   720 | D:2      | Reached skill level 1 in Throwing
   720 | D:2      | Reached skill level 1 in Armour
   720 | D:2      | Reached skill level 1 in Shields
   720 | D:2      | Reached skill level 1 in Unarmed Combat
   720 | D:2      | Reached skill level 1 in Spellcasting
   720 | D:2      | Reached skill level 1 in Evocations
   810 | D:2      | Reached XP level 4. HP: 27/41 MP: 5/5
  1342 | D:1      | Reached skill level 1 in Conjurations
  1342 | D:1      | Reached skill level 1 in Hexes
  1342 | D:1      | Reached skill level 1 in Summonings
  1342 | D:1      | Reached skill level 1 in Necromancy
  1342 | D:1      | Reached skill level 1 in Translocations
  1342 | D:1      | Reached skill level 1 in Transmutations
  1342 | D:1      | Reached skill level 1 in Fire Magic
  1342 | D:1      | Reached skill level 1 in Ice Magic
  1342 | D:1      | Reached skill level 1 in Air Magic
  1342 | D:1      | Reached skill level 1 in Earth Magic
  1342 | D:1      | Reached skill level 1 in Poison Magic
  1848 | D:2      | Identified the +0 buckler of the Slug {rCorr}
  2820 | D:3      | Reached XP level 5. HP: 41/47 MP: 6/6
  3524 | D:3      | Learned a level 1 spell: Necrotize
  3536 | D:3      | Killed an ogre
  3537 | D:3      | Reached XP level 6. HP: 34/53 MP: 5/8
  4022 | D:4      | Reached skill level 5 in Axes
  4022 | D:4      | Reached skill level 5 in Dodging
  4943 | D:3      | Reached XP level 7. HP: 37/59 MP: 10/10
  6125 | D:5      | Reached skill level 10 in Stealth
  6335 | D:5      | Reached XP level 8. HP: 67/67 MP: 9/12
  7368 | D:5      | Found a staircase to the Ecumenical Temple.
  7412 | Temple   | Entered the Ecumenical Temple
  7435 | Temple   | Became a worshipper of Gozag Ym Sagoz the Greedy
  7958 | D:6      | Noticed Pikel
  7960 | D:6      | Noticed Sigmund
  8204 | D:5      | Killed Pikel
  8205 | D:5      | Reached XP level 9. HP: 69/73 MP: 14/14
  8436 | D:6      | Killed Sigmund
  9198 | D:6      | Found a sacrificial altar of Ru.
  9335 | D:6      | Noticed Prince Ribbit
  9355 | D:6      | Killed Prince Ribbit
  9623 | D:7      | Reached skill level 5 in Invocations
 10081 | D:7      | Identified the +1 pair of gloves of Tartarus {Contam Regen+
                  | Str+9 Int-3}
 10227 | D:7      | Identified the amulet of Contentment {Reflect rF+ Slay+2
                  | SH+5}
 10556 | D:7      | Learned a level 3 spell: Frozen Ramparts
 10560 | D:7      | Reached XP level 10. HP: 80/80 MP: 13/17
 10904 | D:8      | Found a sand-covered staircase.
 10910 | Ossuary  | Entered an ossuary
 11204 | Ossuary  | Reached skill level 5 in Short Blades
 11204 | Ossuary  | Reached skill level 5 in Long Blades
 11204 | Ossuary  | Reached skill level 5 in Maces & Flails
 11204 | Ossuary  | Reached skill level 5 in Polearms
 11204 | Ossuary  | Reached skill level 5 in Staves
 11204 | Ossuary  | Reached skill level 5 in Slings
 11204 | Ossuary  | Reached skill level 5 in Bows
 11204 | Ossuary  | Reached skill level 5 in Crossbows
 11204 | Ossuary  | Reached skill level 5 in Throwing
 11204 | Ossuary  | Reached skill level 5 in Armour
 11204 | Ossuary  | Reached skill level 5 in Shields
 11204 | Ossuary  | Reached skill level 5 in Unarmed Combat
 11204 | Ossuary  | Reached skill level 5 in Spellcasting
 11204 | Ossuary  | Reached skill level 5 in Evocations
 11641 | D:8      | Noticed Edmund
 11668 | D:8      | Reached skill level 11 in Stealth
 11695 | D:8      | Killed Edmund
 11743 | D:8      | Gained mutation: You are clumsy. (Dex -2) [potion of
                  | mutation]
 11743 | D:8      | Lost mutation: You are clumsy. (Dex -2) [potion of
                  | mutation]
 11791 | D:8      | Noticed Amaemon
 11791 | D:8      | Noticed an orange demon
 11821 | D:8      | Killed Amaemon
 11822 | D:8      | Reached XP level 11. HP: 59/87 MP: 8/19
 11925 | D:8      | Noticed Maggie
 11932 | D:8      | Killed Maggie
 11951 | D:8      | Noticed Joseph
 11957 | D:8      | Killed Joseph
 11958 | D:8      | Reached skill level 5 in Conjurations
 11958 | D:8      | Reached skill level 5 in Hexes
 11958 | D:8      | Reached skill level 5 in Summonings
 11958 | D:8      | Reached skill level 5 in Necromancy
 11958 | D:8      | Reached skill level 5 in Translocations
 11958 | D:8      | Reached skill level 5 in Transmutations
 11958 | D:8      | Reached skill level 5 in Fire Magic
 11958 | D:8      | Reached skill level 5 in Ice Magic
 11958 | D:8      | Reached skill level 5 in Air Magic
 11958 | D:8      | Reached skill level 5 in Earth Magic
 11958 | D:8      | Reached skill level 5 in Poison Magic
 12422 | D:9      | Noticed Erolcha
 12458 | D:9      | Killed Erolcha
 13220 | D:9      | Noticed Maurice
 13236 | D:9      | Killed Maurice
 13402 | D:10     | Entered Level 10 of the Dungeon
 13712 | D:10     | Found a staircase to the Lair.
 13776 | D:10     | Found a runed translucent gate.
 13776 | D:10     | Found a runed translucent gate.
 13776 | D:10     | Noticed zishaf's ghost (novice DgWn)
 13777 | D:10     | Found a runed translucent gate.
 13790 | D:10     | Learned a level 5 spell: Fireball
 13794 | D:10     | Reached XP level 12. HP: 96/96 MP: 16/22
 13805 | D:10     | Paralysed by a hornet for 1 turns
 14634 | D:11     | Noticed a two-headed ogre
 14644 | D:11     | Killed a two-headed ogre
 15060 | D:11     | Noticed a three-headed hydra
 15067 | D:11     | Killed a three-headed hydra
 15531 | D:12     | Noticed Jorgrun
 15538 | D:11     | Reached skill level 12 in Stealth
 15806 | Lair:1   | Entered Level 1 of the Lair of Beasts
 15835 | Lair:1   | Reached skill level 10 in Fighting
 16369 | Lair:1   | Noticed a six-headed hydra
 16380 | Lair:1   | Killed a six-headed hydra
 16381 | Lair:1   | Reached XP level 13. HP: 58/103 MP: 14/24
 16449 | Lair:1   | Learned a level 5 spell: Agony
 16938 | Lair:1   | Identified the +0 plate armour of the Great Game {Rampage
                  | rElec rC+++}
 17431 | Lair:2   | Found a hole to the Spider Nest.
 18058 | Lair:3   | Noticed Snorg
 18136 | Lair:3   | Killed Snorg
 18830 | Lair:3   | Identified 3 scrolls of acquirement
 18830 | Lair:3   | Acquired the -2 pair of boots "Paucetucu" {rElec rC+ Dex+2}
 18838 | Lair:3   | Acquired 332 gold pieces
 18840 | Lair:3   | Acquired the Disquisition on Battle Magic
 18848 | Lair:3   | Learned a level 5 spell: Irradiate
 18852 | Lair:3   | Learned a level 3 spell: Mephitic Cloud
 18857 | Lair:3   | Learned a level 4 spell: Hailstorm
 19184 | Lair:4   | Found a staircase to the Swamp.
 19281 | Lair:4   | Reached skill level 10 in Axes
 19281 | Lair:4   | Reached skill level 10 in Dodging
 19281 | Lair:4   | Reached XP level 14. HP: 90/113 MP: 26/26
 19427 | Lair:4   | You fall into a shaft and drop 1 floor!
 19996 | Lair:4   | Reached skill level 13 in Stealth
 20740 | Lair:4   | Noticed Kirke
 20904 | Lair:5   | Reached skill level 10 in Invocations
 21575 | Lair:6   | Entered Level 6 of the Lair of Beasts
 21896 | Lair:6   | Found a viscous altar of Jiyva.
 21896 | Lair:6   | Found a staircase to the Slime Pits.
 23580 | Lair:6   | Found a runed translucent door.
 23811 | Lair:6   | Paralysed by a hornet for 3 turns
 24349 | Lair:6   | Noticed a dire elephant
 24378 | Lair:6   | Reached XP level 15. HP: 104/120 MP: 28/28
 25698 | Lair:6   | Reached skill level 10 in Short Blades
 25698 | Lair:6   | Reached skill level 10 in Long Blades
 25698 | Lair:6   | Reached skill level 10 in Maces & Flails
 25698 | Lair:6   | Reached skill level 10 in Polearms
 25698 | Lair:6   | Reached skill level 10 in Staves
 25698 | Lair:6   | Reached skill level 10 in Slings
 25698 | Lair:6   | Reached skill level 10 in Bows
 25698 | Lair:6   | Reached skill level 10 in Crossbows
 25698 | Lair:6   | Reached skill level 10 in Throwing
 25698 | Lair:6   | Reached skill level 10 in Armour
 25698 | Lair:6   | Reached skill level 10 in Shields
 25698 | Lair:6   | Reached skill level 10 in Unarmed Combat
 25698 | Lair:6   | Reached skill level 10 in Spellcasting
 25698 | Lair:6   | Reached skill level 10 in Evocations
 26025 | Lair:4   | Noticed a sphinx
 26033 | Lair:4   | Killed Kirke
 27049 | D:12     | Found a shadowy altar of Dithmenos.
 27113 | D:12     | Found a staircase to the Orcish Mines.
 27130 | Orc:1    | Entered Level 1 of the Orcish Mines
 27271 | Orc:2    | Entered Level 2 of the Orcish Mines
 27492 | Orc:2    | Noticed Nessos
 27553 | Orc:1    | Noticed an orc warlord
 27785 | Orc:1    | Killed an orc warlord
 28165 | Orc:2    | Killed Nessos
 28290 | Orc:2    | Found a staircase to the Elven Halls.
 28737 | Orc:2    | Found Meyrch's Self-Improvement Boutique.
 29024 | Orc:2    | Found Rav Wypp's Weapon Shop.
 29091 | Orc:2    | Gained mutation: Your spells are a little easier to cast,
                  | but a little less powerful. [mutagenic glow]
 29511 | Orc:2    | Found Qeceqag's Weapon Shoppe.
 29517 | Orc:2    | Found Muusoanu's Antique Armour Shoppe.
 29523 | Orc:2    | Found Ryr Yva's Book Shop.
 29541 | Orc:2    | Bought a brightly glowing helmet for 256 gold pieces
 29541 | Orc:2    | Identified the +0 helmet of Polytheism {rElec} (You bought
                  | it in a shop on level 2 of the Orcish Mines)
 29543 | Orc:2    | Bought a book of Party Tricks for 160 gold pieces
 29545 | Orc:2    | Learned a level 1 spell: Apportation
 29550 | Orc:2    | Learned a level 4 spell: Dispel Undead
 29783 | Spider:1 | Entered Level 1 of the Spider Nest
 29808 | Spider:1 | Noticed Louise
 29854 | Spider:1 | Killed Louise
 30853 | Spider:1 | Reached skill level 14 in Stealth
 31138 | Spider:2 | Reached XP level 16. HP: 125/128 MP: 21/30
 31259 | Spider:1 | Gained mutation: Your muscles are strong. (Str +2)
                  | [mutagenic glow]
 34855 | Spider:4 | Entered Level 4 of the Spider Nest
 34892 | Spider:4 | Gained mutation: You are occasionally teleported next to
                  | monsters. [mutagenic glow]
 35217 | Spider:4 | Acquired the ring of the Leaf {rN++ Int+6 Dex+2}
 35513 | Spider:3 | Lost mutation: Your muscles are strong. (Str +2) [mutagenic
                  | glow]
 35991 | Spider:4 | Gained mutation: You are frail. (-10% HP) [mutagenic glow]
 36012 | Spider:4 | Reached XP level 17. HP: 94/121 MP: 2/32
 36693 | Spider:4 | Gained mutation: You have hidden genetic defects.
                  | [mutagenic glow]
 38278 | Spider:3 | Gained mutation: You tend to lose your temper in combat.
                  | [mutagenic glow]
 38400 | Spider:3 | Lost mutation: Your spells are a little easier to cast, but
                  | a little less powerful. [potion of mutation]
 38400 | Spider:3 | Lost mutation: You have hidden genetic defects. [potion of
                  | mutation]
 38400 | Spider:3 | Lost mutation: You are occasionally teleported next to
                  | monsters. [potion of mutation]
 38400 | Spider:3 | Gained mutation: You expend magic power (3 MP) to
                  | strengthen your wands. [potion of mutation]
 38400 | Spider:3 | Lost mutation: You tend to lose your temper in combat.
                  | [potion of mutation]
 38400 | Spider:3 | Gained mutation: You sometimes lose the ability to read
                  | scrolls when taking damage. [potion of mutation]
 38401 | Spider:3 | Lost mutation: You expend magic power (3 MP) to strengthen
                  | your wands. [potion of mutation]
 38401 | Spider:3 | Lost mutation: You sometimes lose the ability to read
                  | scrolls when taking damage. [potion of mutation]
 38401 | Spider:3 | Gained mutation: You have a pair of small horns on your
                  | head. [potion of mutation]
 38401 | Spider:3 | Gained mutation: Your spells are a little harder to cast,
                  | but a little more powerful. [potion of mutation]
 38790 | Spider:4 | Got a gossamer rune of Zot
 39072 | D:8      | Learned a level 5 spell: Summon Mana Viper
 39294 | D:2      | Killed Crazy Yiuf
 40494 | D:13     | Identified the +2 pair of boots of Gozaf {rCorr}
 40728 | D:13     | Found a gate to the Vaults.
 40887 | D:13     | Identified the +4 flail of Jaes {freeze, Contam rPois rN+++
                  | Dex-5}
 41249 | D:13     | Noticed Lodul
 41257 | D:13     | Killed Lodul
 41520 | D:14     | Noticed Josephine
 41531 | D:14     | Killed Josephine
 41534 | D:14     | Reached skill level 10 in Conjurations
 41534 | D:14     | Reached skill level 10 in Hexes
 41534 | D:14     | Reached skill level 10 in Summonings
 41534 | D:14     | Reached skill level 10 in Necromancy
 41534 | D:14     | Reached skill level 10 in Translocations
 41534 | D:14     | Reached skill level 10 in Transmutations
 41534 | D:14     | Reached skill level 10 in Fire Magic
 41534 | D:14     | Reached skill level 10 in Ice Magic
 41534 | D:14     | Reached skill level 10 in Air Magic
 41534 | D:14     | Reached skill level 10 in Earth Magic
 41534 | D:14     | Reached skill level 10 in Poison Magic
 41560 | D:14     | Gained mutation: You have a pair of horns on your head.
                  | [mutagenic glow]
 41853 | D:14     | Found a shimmering blue altar of Sif Muna.
 42055 | D:14     | Identified the +6 short sword "Gipygrits" {antimagic,
                  | Str+2}
 42111 | D:15     | Entered Level 15 of the Dungeon
 42354 | D:15     | Found a staircase to the Depths.
 42362 | D:15     | Reached skill level 15 in Stealth
 42510 | D:15     | Identified the ring "Long" {Int+3 Dex+6}
 42728 | D:15     | Found a glowing golden altar of the Shining One.
 42989 | D:15     | Noticed Roxanne
 43035 | D:15     | Killed Roxanne
 43375 | Swamp:1  | Entered Level 1 of the Swamp
 43525 | Swamp:1  | Reached XP level 18. HP: 100/129 MP: 23/34
 44798 | Swamp:2  | Noticed a tentacled monstrosity
 44822 | Swamp:2  | Killed a tentacled monstrosity
 44822 | Swamp:2  | Gained mutation: You sometimes lose the ability to read
                  | scrolls when taking damage. [mutagenic glow]
 45130 | Swamp:3  | Slain by a swamp dragon

Illustrated notes

Levels and vault maps discovered:
D:1:      pf_arrival_petrified_forest, layout_basic
D:2:      layout_basic, minmay_misc_feat_enclosed, uniq_crazy_yiuf_cottage,
          uniq_jessica
D:3:      layout_basic
D:4:      layout_rooms, lightli_minifort
D:5:      layout_rooms, temple_hall, minmay_liquid_box
D:6:      layout_loops_ring, nicolae_ru_path_of_blood, uniq_sigmund,
          uniq_prince_ribbit1, uniq_pikel
D:7:      layout_loops_ring
D:8:      erik_cavepeople, layout_cave_pools,
          lightli_ossuary_entry_decrepit_ruins, minmay_crystal_room,
          minmay_nine_imps, uniq_joseph, uniq_amaemon, uniq_maggie
D:9:      layout_irregular_city, uniq_erolcha, uniq_maurice
D:10:     layout_cave_pools, david_lair_shrubbed, gammafunk_ghost_nasty_kobolds
D:11:     layout_grid_maze, hangedman_ranch
D:12:     layout_stronghold, orc_0_dummy,
          nicolae_dithmenos_through_a_glass_darkly, uniq_jorgrun
D:13:     layout_loops_corners, david_vaults_5, uniq_lodul
D:14:     layout_cross, minmay_misc_feat_roman, kennysheep_orc_sif_temple,
          uniq_josephine
D:15:     gammafunk_depths_entry_grave, layout_cave_pools, tso_altar,
          uniq_roxanne
Temple:   mainiacjoe_temple_hex_bubbles
Lair:1:   layout_roguey, serial_bayou_pond_c, grunt_forest_large_clearing_hut,
          serial_bayou_shore_a
Lair:2:   layout_loops_ring, dummy_spider_entry, gauntlet_entry_generic
Lair:3:   layout_misc_corridors, special_room [special_room_bee],
          grunt_megastairs_3, uniq_snorg
Lair:4:   layout_gridlike, minmay_swamp_entry_swarm, serial_bayou_lake_a,
          uniq_kirke
Lair:5:   layout_regular_city, minivault_24, kilobyte_rumbling_trees,
          infiniplex_staircase_pool
Lair:6:   wormcave, layout_long_grid, hangedman_lair_in_review, slime_altar_1,
          kennysheep_abandoned_house
Swamp:1:  layout_basic_swamp, nicolae_swamp_trees_clearing, swamp_pool5
Swamp:2:  cheibrodos_swamp_monstrosity, layout_basic_swamp,
          evilmike_swamp_ruin_rubble_2
Swamp:3:  layout_basic_swamp, nicolae_swamp_godswood,
          nicolae_swamp_small_spring, uniq_donald
Spider:1: layout_spider_delve, nicolae_spider_bzzzt, uniq_louise
Spider:2: layout_spider_delve
Spider:3: layout_spider_delve
Spider:4: grunt_spider_rune_circles, hellmonk_narrow_tunnel
Orc:1:    layout_caves
Orc:2:    st_orc_elflike, layout_diamond_mine, nicolae_shop_self_help,
          uniq_nessos

Skill      XL: |  1  2  3  4  5  6  7  8  9 10 11 12 13 14 15 16 17 18 |
---------------+-------------------------------------------------------+-----
Stealth        | 10 11 12 13 14 15 | 15.3
Invocations    | 1 2 3 4 5 6 7 8 9 10 11 12 13 | 13.3
Short Blades   | 1 2 3 4 5 6 7 8 9 10 11 12 | 12.3
Long Blades    | 1 2 3 4 5 6 7 8 9 10 11 12 | 12.3
Maces & Flails | 1 2 3 4 5 6 7 8 9 10 11 12 | 12.3
Polearms       | 1 2 3 4 5 6 7 8 9 10 11 12 | 12.3
Staves         | 1 2 3 4 5 6 7 8 9 10 11 12 | 12.3
Slings         | 1 2 3 4 5 6 7 8 9 10 11 12 | 12.3
Bows           | 1 2 3 4 5 6 7 8 9 10 11 12 | 12.3
Crossbows      | 1 2 3 4 5 6 7 8 9 10 11 12 | 12.3
Throwing       | 1 2 3 4 5 6 7 8 9 10 11 12 | 12.3
Armour         | 1 2 3 4 5 6 7 8 9 10 11 12 | 12.3
Shields        | 1 2 3 4 5 6 7 8 9 10 11 12 | 12.3
Unarmed Combat | 1 2 3 4 5 6 7 8 9 10 11 12 | 12.3
Spellcasting   | 1 2 3 4 5 6 7 8 9 10 11 12 | 12.3
Evocations     | 1 2 3 4 5 6 7 8 9 10 11 12 | 12.3
Conjurations   | 1 2 3 4 5 6 7 8 9 10 | 10.4
Hexes          | 1 2 3 4 5 6 7 8 9 10 | 10.4
Summonings     | 1 2 3 4 5 6 7 8 9 10 | 10.4
Necromancy     | 1 2 3 4 5 6 7 8 9 10 | 10.4
Translocations | 1 2 3 4 5 6 7 8 9 10 | 10.4
Transmutations | 1 2 3 4 5 6 7 8 9 10 | 10.4
Fire Magic     | 1 2 3 4 5 6 7 8 9 10 | 10.4
Ice Magic      | 1 2 3 4 5 6 7 8 9 10 | 10.4
Air Magic      | 1 2 3 4 5 6 7 8 9 10 | 10.4
Earth Magic    | 1 2 3 4 5 6 7 8 9 10 | 10.4
Poison Magic   | 1 2 3 4 5 6 7 8 9 10 | 10.4
Axes           | 5 6 7 8 9 10 11 12 13 | 13.1
Dodging        | 5 6 7 8 9 10 11 12 13 | 13.1
Fighting       | 7 8 9 10 11 12 13 | 13.8

Action                   |  1- 3 |  4- 6 |  7- 9 | 10-12 | 13-15 | 16-18 || total
-------------------------+-------+-------+-------+-------+-------+-------++-------
Melee: Hand axe          |    14 |       |       |       |       |       ||    14
       Bite              |     7 |    23 |    55 |   108 |   208 |   147 ||   548
       Dagger            |    73 |    88 |   175 |   107 |     8 |    22 ||   473
       Mace              |       |    25 |    21 |       |       |       ||    46
       Short sword       |       |   116 |   282 |    58 |       |       ||   456
       Punch             |       |     3 |       |       |       |       ||     3
       Flail             |       |       |       |    60 |       |       ||    60
       Whip              |       |       |       |    58 |       |       ||    58
       Demon whip        |       |       |       |   395 |  1292 |   632 ||  2319
       Headbutt          |       |       |       |       |       |   115 ||   115
       Broad axe         |       |       |       |       |       |   107 ||   107
 Fire: Hand crossbow     |       |       |       |       |    11 |       ||    11
Throw: Dart              |       |       |     4 |       |       |       ||     4
       Throwing net      |       |       |     2 |       |       |       ||     2
       Javelin           |       |       |     1 |       |       |       ||     1
       Boomerang         |       |       |       |       |     1 |     1 ||     2
 Cast: Necrotize         |       |     1 |    75 |    36 |     2 |     2 ||   116
       Ozocubu's Armour  |       |       |     4 |     3 |     1 |       ||     8
       Frozen Ramparts   |       |       |     1 |    32 |    19 |       ||    52
       Fireball          |       |       |       |    24 |   115 |    36 ||   175
       Irradiate         |       |       |       |       |    29 |   188 ||   217
       Mephitic Cloud    |       |       |       |       |    24 |    47 ||    71
       Apportation       |       |       |       |       |       |     9 ||     9
       Hailstorm         |       |       |       |       |       |     1 ||     1
       Dispel Undead     |       |       |       |       |       |     7 ||     7
Invok: Potion Petition   |       |       |       |     1 |     1 |     1 ||     3
Evoke: Wand              |       |     1 |     5 |     2 |    28 |     1 ||    37
  Use: Scroll            |     1 |     8 |     8 |    10 |    21 |     9 ||    57
       Potion            |       |     3 |     2 |     7 |     9 |     8 ||    29
 Stab: Sleeping          |     8 |    21 |     8 |    12 |    13 |    11 ||    73
       Distracted        |       |       |     1 |     3 |    16 |     6 ||    26
       Petrified         |       |       |       |       |     6 |       ||     6
       Confused          |       |       |       |       |    17 |    30 ||    47
       Paralysed         |       |       |       |       |     4 |       ||     4
       Petrifying        |       |       |       |       |     1 |       ||     1
Armor: Leather armour    |    27 |    59 |    62 |    92 |   151 |   139 ||   530
       Plate armour      |       |       |       |       |    56 |       ||    56
       Swamp dragon scal |       |       |       |       |       |    79 ||    79
Dodge: Dodged            |    50 |   149 |   266 |   340 |   549 |   503 ||  1857
Block: Buckler           |       |    33 |    73 |   300 |   564 |   506 ||  1476
       Reflection        |       |       |       |     5 |     9 |    21 ||    35

Table legend: (Time is in decaauts)
 A = Elapsed time spent in this place.
 B = Non-inter-level travel time spent in this place.
 C = Inter-level travel time spent in this place.
 D = Time resting spent in this place.
 E = Time spent auto-exploring this place.
 F = Levels seen in this place.
 G = Mean time per level.
                   A        B        C        D        E       F      G
               +--------+--------+--------+--------+--------+-----+--------+
         Total |  44451 |  42164 |   2287 |  12155 |  18424 |  32 | 1389.1 |
       Dungeon |  20230 |  18959 |   1271 |   4191 |   9478 |  15 | 1348.7 |
        Temple |    254 |    219 |     35 |      0 |    211 |   1 |  254.0 |
          Lair |  10328 |   9656 |    672 |   2621 |   3844 |   6 | 1721.3 |
         Swamp |   1873 |   1784 |     89 |     18 |   1468 |   3 |  624.3 |
   Spider Nest |   8927 |   8791 |    136 |   4850 |   2056 |   4 | 2231.8 |
  Orcish Mines |   2411 |   2329 |     82 |    475 |   1109 |   2 | 1205.5 |
       Ossuary |    425 |    425 |      0 |      0 |    256 |   1 |  425.0 |
               +--------+--------+--------+--------+--------+-----+--------+

Top non-repeatable levels by time:
Spider:3: 3869 daAuts
  Lair:6: 2883 daAuts
     D:3: 2588 daAuts
  Lair:5: 2491 daAuts
Spider:1: 1939 daAuts
     D:4: 1938 daAuts
Spider:4: 1709 daAuts
     D:6: 1677 daAuts
     D:5: 1632 daAuts
    D:11: 1630 daAuts
  Lair:4: 1550 daAuts
   Orc:2: 1445 daAuts
Spider:2: 1409 daAuts
    D:12: 1253 daAuts
    D:13: 1252 daAuts
